 Dungeon Crawl Stone Soup version 0.29.0-15-g675c0067aa (webtiles) character file.

Game seed: 4042242509614081056

11 qw the Sneak (level 2, -6/19 HPs)
             Began as a Gargoyle Delver on Sept 11, 2022.
             Mangled by an iguana (11 damage)
             ... on level 4 of the Dungeon.
             The game lasted 00:00:05 (149 turns).

qw the Sneak (Gargoyle Delver)                       Turns: 149, Time: 00:00:05

Health: -6/19      AC: 10    Str: 15    XL:     2   Next: 29%
Magic:  2/2        EV:  6    Int: 10    God:
Gold:   12         SH:  0    Dex: 11    Spells: 1/1 levels left

rFire   . . .      SeeInvis .   Y - +0 hand axe
rCold   . . .      Faith    .   (no shield)
rNeg    + . .      Spirit   .   h - +0 chain mail
rPois   inf        Reflect  .   (no helmet)
rElec   +          Harm     .   (no cloak)
rCorr   .          Rampage  .   (no gloves)
Will    .....                   (no boots)
Stlth   ..........              (no amulet)
HPRegen 0.06/turn               (no ring)
MPRegen 0.08/turn               (no ring)

@: no status effects
A: sickness immunity, AC +2, negative energy resistance 1, electricity
resistance, torment resistance 1, petrification resistance
a: no special abilities


You were on level 4 of the Dungeon.
You visited 1 branch of the dungeon, and saw 2 of its levels.

You collected 12 gold pieces.


Innate Abilities, Weirdness & Mutations

You are immune to sickness and miasma.
Your stone body is resilient. (AC +2)
You are immune to poison.
You resist negative energy. (rN+)
You are resistant to electric shocks. (rElec)
You are resistant to unholy torment.
You are immune to petrification.


   Skills:
 - Level 3.2 Fighting
 - Level 2.5 Axes
 + Level 0.4 Armour
 - Level 1.5 Dodging
 - Level 5.4 Stealth


You had one spell level left.
You didn't know any spells.
Your spell library was empty.

Inventory:

Hand Weapons
 Y - a +0 hand axe (weapon)
Armour
 h - a +0 chain mail (worn)
Wands
 g - a wand of digging (3)
Potions
 f - a potion of haste

Dungeon Overview and Level Annotations

Branches:
Dungeon (5/15)
 Temple: D:4-7

Altars:


Message History

The hobgoblin shouts!
You hear an angry hiss.
A quokka comes into view.
A kobold comes into view.
It is wielding a +0 short sword and quivering poisoned darts.
135 ||| Stepping ~*~*~tactically~*~*~ (stealth).
You hit the quokka.
The quokka is heavily wounded.
The quokka bites you but does no damage.
The quokka barely misses you.
You closely miss the quokka.
The quokka is heavily wounded.
The quokka barely misses you.
You closely miss the quokka.
The quokka is heavily wounded.
The quokka bites you.
You hit the quokka.
You kill the quokka!
A hobgoblin comes into view.
An iguana comes into view.
The iguana hisses angrily.
You hit the hobgoblin.
The hobgoblin is severely wounded.
You hear a shout!
The hobgoblin hits you but does no damage.
You hit the hobgoblin.
You kill the hobgoblin!
You hit the iguana but do no damage.
The iguana bites you but does no damage.
The iguana bites you!
You barely miss the iguana. The iguana barely misses you.
You slash the iguana!
The iguana is moderately wounded.
The iguana bites you.
You barely miss the iguana.
The iguana is moderately wounded.
The iguana bites you but does no damage.
You barely miss the iguana.
The iguana is moderately wounded.
The iguana bites you!
Ouch! That really hurt!
You die...

#.# #.# #.#
#.# #.# K
#(#
....######.#
.....Kgl@.>#
##########.#
#.# ######.#
#......#
#......#
#......#
#......#
#......#


You could see an iguana, a hobgoblin and a kobold.

Vanquished Creatures
  An adder (D:5)
  A hobgoblin (D:4)
  A quokka (D:4)
3 creatures vanquished.

Notes
Turn   | Place    | Note
-------+----------+-------------------------------------------
     0 | D:5      | qw the Gargoyle Delver began the quest for the Orb.
     0 | D:5      | Reached XP level 1. HP: 14/14 MP: 1/1
     0 | D:5      | 0 ||| qw: Version: 0.1-a-118-gb4e7ce6
     0 | D:5      | 0 ||| qw: Game counter: 10236
     0 | D:5      | 0 ||| qw: Always use a shield: true
     0 | D:5      | 0 ||| qw: God list: Okawaru
     0 | D:5      | 0 ||| qw: Allow faded altars: false
     0 | D:5      | 0 ||| qw: Do Orc after D:15 true
     0 | D:5      | 0 ||| qw: Do second Lair branch before Depths: true
     0 | D:5      | 0 ||| qw: Lair rune preference: random
     0 | D:5      | 0 ||| qw: Plans: Normal
     0 | D:5      | 0 ||| PLANNING D:1-11
    34 | D:5      | 34 ||| Stepping ~*~*~tactically~*~*~ (stealth).
    48 | D:5      | Reached XP level 2. HP: 17/19 MP: 2/2
    79 | D:5      | 79 ||| UPGRADING to +0 chain mail.
    89 | D:5      | 89 ||| DROPPING +0 leather armour.
    90 | D:5      | 90 ||| READING scroll labelled GOBISU LIEK.
    91 | D:5      | 91 ||| DROPPING scroll of fog.
    92 | D:5      | 92 ||| DROPPING scroll of magic mapping.
    93 | D:5      | 93 ||| DROPPING scroll of fear.
    99 | D:5      | 99 ||| FLEEEEING.
   100 | D:5      | 100 ||| FLEEEEING.
   101 | D:5      | 101 ||| STAIRDANCE
   135 | D:4      | 135 ||| Stepping ~*~*~tactically~*~*~ (stealth).
   149 | D:4      | Mangled by an iguana

Levels and vault maps discovered:
D:4:      layout_basic, kennysheep_mini_moat, mainiacjoe_overflow_alcove_1,
          minmay_temple_entry_offerings, kennysheep_generic_room_4
D:5:      layout_basic, mainiacjoe_overflow_concentric_impassable,
          chequers_decorated_corner, uniq_pikel, uniq_prince_ribbit1, uniq_ijyb

Skill      XL: |  1 |
---------------+----+-----
Axes           | 2 |  2.5
Fighting       | |  3.2
Armour         | |  0.4
Dodging        | |  1.5
Stealth        | |  5.4

Action                   || total
-------------------------++-------
Melee: Hand axe          ||    17
  Use: Scroll            ||     1
Armor: Leather armour    ||     3
       Chain mail        ||     4
Dodge: Dodged            ||     6

Table legend:
 A = Non-vault XP
 B = Vault XP
 C = Vault XP percentage of total XP
 D = Non-vault monster count
 E = Vault monster count
 F = Vault count percentage of total count
                 A         B        C        D         E       F
            +---------+---------+-------+---------+---------+-------
      Total |      17 |       0 |   0.0 |       3 |       0 |   0.0
            +---------+---------+-------+---------+---------+-------
        D:4 |       4 |       0 |   0.0 |       2 |       0 |   0.0
        D:5 |      13 |       0 |   0.0 |       1 |       0 |   0.0
            +---------+---------+-------+---------+---------+-------
